 Dungeon Crawl Stone Soup version 0.32-a0-834-geaf45d8e21 (webtiles) character file.

Game seed: 8422403150707448947

109 holysushi the Cutter (level 4, -1/35 HPs)
             Began as a Demonspawn Monk on Mar 25, 2024.
             Slain by Grinder (4 damage)
             ... while paralysed by Grinder
             ... on level 3 of the Dungeon.
             The game lasted 00:04:22 (2002 turns).

holysushi the Cutter (Demonspawn Monk)              Turns: 2002, Time: 00:04:23

Health: -1/35      AC:  5    Str: 11    XL:     4   Next: 60%
Magic:  6/6        EV:  2    Int: 10    God:
Gold:   62         SH:  0    Dex: 18    Spells: 5/5 levels left

rFire   . . .        a - +5 dagger
rCold   + . .        d - orb {light}
rNeg    . . .        k - +2 leather armour {rC+}
rPois   .            (no helmet)
rElec   .            (no cloak)
rCorr   .            (no gloves)
SInv    .            (no boots)
Will    .....        (no amulet)
Stlth   ++           (no ring)
HPRegen 0.25/turn    (no ring)
MPRegen 0.10/turn

%: no passive effects
@: paralysed
A: ignite blood 1, foul shadow 2
a: no special abilities


You were on level 3 of the Dungeon.
You visited 1 branch of the dungeon, and saw 3 of its levels.

You collected 62 gold pieces.

Inventory:

Hand Weapons
 a - a +5 dagger (weapon)
 b - a +1 dagger of venom
Armour
 d - an orb of light (worn)
 k - a +2 leather armour of cold resistance (worn)
 o - a +0 robe
Jewellery
 m - an amulet of magic regeneration
Scrolls
 g - 3 scrolls of immolation
 i - a scroll of poison {unknown}
 j - a scroll of noise {unknown}
 l - a scroll of brand weapon {unknown}
 n - a scroll of teleportation {unknown}
Potions
 e - a potion of brilliance


   Skills:
 - Level 3.0 Fighting
 + Level 4.3 Short Blades
 - Level 2.7 Dodging
 + Level 1.2 Stealth
 + Level 1.4 Spellcasting


You had 5 spell levels left.
You didn't know any spells.
Your spell library contained the following spells:

 Spells                   Type           Power      Damage    Failure   Level
 Necrotise                Necr           0%         1d4       41%         1
 Slow                     Hex            0%         N/A       41%         1
 Confusing Touch          Hex            0%         N/A       78%         3
 Summon Ice Beast         Ice/Summ       0%         N/A       78%         3
 Vampiric Draining        Necr           0%         2d6       78%         3
 Martyr's Knell           Necr/Summ      0%         N/A       99%         4
 Curse of Agony           Necr           0%         N/A       100%        5
 Summon Mana Viper        Hex/Summ       0%         N/A       100%        5
 Monstrous Menagerie      Summ           0%         N/A       100%        7


Dungeon Overview and Level Annotations

Branches:
Dungeon (3/15) Zot: 16026

Altars:

Shops:
D:2 (!

Annotations:
D:3 Grinder


Innate Abilities, Weirdness & Mutations

Your demonic aura sometimes causes spilled blood to erupt in flames.
You are shadowed, sometimes releasing foul flame when damaged in melee.


Message History

Grinder gestures at you.
You suddenly lose the ability to move!
Grinder hits you but does no damage. Grinder hits you.
You writhe in agony.
Grinder says, "Make like a tree!"
Grinder hits you. Grinder gestures at you. Pain shoots through your body!
Grinder gestures at you. Pain shoots through your body!
You can move again.
You barely miss Grinder.
Grinder is severely wounded.
It was a potion of magic.
Magic courses through your body. Grinder barely misses you.
It was a potion of heal wounds.
You feel much better.
Grinder blinks!
Grinder gestures at you. Pain shoots through your body!
Grinder blinks!
You swing at nothing.
You hit Grinder.
Grinder is severely wounded.
Grinder hits you.
You writhe in agony.
You barely miss Grinder.
Grinder is severely wounded.
Grinder says, "DUCK!"
Grinder gestures at you.
You suddenly lose the ability to move!
Grinder gestures at you.
You barely resist. Grinder gestures at you. Pain shoots through your body!
Grinder gestures at you. Pain shoots through your body!
* * * LOW HITPOINT WARNING * * *
Grinder hits you.
* * * LOW HITPOINT WARNING * * *
You writhe in agony.
You die...
Grinder sighs, "Dead already?
I want a refund."

############ #......#...#
#.####.#.#.# ########.#
##.#.#.######.###
#......#.###....#...........
#.####†#.....#######.###.###
#.# #.....##.5@.#....# #.#
#..#.####.#.#..###
#.###..#.# #.#.#.##
#......#.. ..#...#
#####.###########.# # #.#
##'## ##. #.# ##...## #..
#.#### ##.....## #.# #....#
##.......###.#


You could see Grinder.

Vanquished Creatures
  Terence (D:3)
  3 adders
  A ribbon worm (D:2)
  A dart slug (D:3)
  5 ball pythons
  3 endoplasms
  3 giant cockroaches
  8 goblins
  3 hobgoblins (D:2)
  3 jackals (D:3)
  3 quokkas
  6 bats
  2 frilled lizards (D:2)
  7 kobolds
  A rat (D:3)
50 creatures vanquished.

Notes
Turn   | Place    | Note
-------+----------+-------------------------------------------
     0 | D:1      | holysushi the Demonspawn Monk began the quest for the Orb.
     0 | D:1      | Reached XP level 1. HP: 18/18 MP: 1/1
   212 | D:1      | Reached skill level 3 in Short Blades
   569 | D:1      | Gained mutation: You are faintly shadowed, very rarely
                  | releasing foul flame when damaged in melee. [demonic
                  | ancestry]
   569 | D:1      | Reached XP level 2. HP: 22/24 MP: 2/2
   662 | D:2      | Found Yrhef's Weapon Emporium.
   728 | D:2      | Found Xeivub's Distillery.
   854 | D:2      | Gained mutation: Your demonic aura sometimes causes spilled
                  | blood to erupt in flames. [demonic ancestry]
   854 | D:2      | Reached XP level 3. HP: 28/29 MP: 3/3
  1171 | D:2      | Reached skill level 4 in Short Blades
  1627 | D:3      | Reached skill level 1 in Spellcasting
  1627 | D:3      | Gained mutation: You are shadowed, sometimes releasing foul
                  | flame when damaged in melee. [demonic ancestry]
  1627 | D:3      | Reached XP level 4. HP: 33/35 MP: 5/5
  1651 | D:3      | Noticed Terence
  1657 | D:3      | Killed Terence
  1658 | D:3      | Reached skill level 1 in Stealth
  1896 | D:3      | Noticed Grinder
  1911 | D:3      | Paralysed by Grinder for 2 turns
  1978 | D:3      | Paralysed by Grinder for 5 turns
  1998 | D:3      | Paralysed by Grinder for 4 turns
  2002 | D:3      | Slain by Grinder

Illustrated notes

Levels and vault maps discovered:
D:1:      tekkud_arrival_beachfront_property, layout_basic, nicolae_the_louvre
D:2:      layout_basic, serial_shops, shop, shop
D:3:      layout_loops_corners, uniq_crazy_yiuf_cottage, uniq_grinder,
          uniq_terence

Skill      XL: |  1  2  3  4 |
---------------+-------------+-----
Short Blades   | 3 4 |  4.3
Spellcasting   | 1 |  1.4
Stealth        | 1 |  1.2
Fighting       | |  3.0
Dodging        | |  2.7

Action                     |  1- 3 |  4- 6 || total
---------------------------+-------+-------++-------
  Melee: Short sword       |    15 |       ||    15
         Dagger            |    98 |    31 ||   129
    Use: Potion            |       |     4 ||     4
         Scroll            |       |     2 ||     2
   Stab: Sleeping          |     2 |     2 ||     4
 Armour: Robe              |    28 |       ||    28
         Leather armour    |    38 |    15 ||    53
  Dodge: Dodged            |    74 |    12 ||    86

Table legend: (Time is in decaauts)
 A = Elapsed time spent in this place.
 B = Non-inter-level travel time spent in this place.
 C = Inter-level travel time spent in this place.
 D = Time resting spent in this place.
 E = Time spent auto-exploring this place.
 F = Levels seen in this place.
 G = Mean time per level.
                   A        B        C        D        E       F      G
               +--------+--------+--------+--------+--------+-----+--------+
         Total |   1972 |   1913 |     59 |     35 |   1377 |   3 |  657.3 |
       Dungeon |   1972 |   1913 |     59 |     35 |   1377 |   3 |  657.3 |
               +--------+--------+--------+--------+--------+-----+--------+

Top non-repeatable levels by time:
     D:2: 698 daAuts
     D:1: 654 daAuts
     D:3: 619 daAuts
